Map: Site Delta LE

Players

Harstem

  • Race: Protoss Protoss
  • Spawn Location: 5:00

Lambo - Winner!

  • Race: Zerg Zerg
  • Spawn Location: 11:00

Event: ESL Spring 2024 Finals

VOD

Have the link to the VOD?

Description

Time

  • Played on: May 31, 2024, 10:09 p.m.
  • Length: 18:39

All games in this series

Show
View Real Time Build Order
Export as new Build Order

Harstem Protoss 

Build Orders: 1 Gate Expand, Oracle Opening 

Get SALT Encoding   

  12  0:00  Probe  
  13  0:12  Probe  
  14  0:17  Pylon  
  14  0:24  Probe (Chrono Boost)  
  15  0:36  Probe (Chrono Boost)  
  15  0:37  Gateway  
  16  0:45  Probe (Chrono Boost)  
  16  0:46  Assimilator  
  17  0:51  Probe  
  18  1:03  Probe  
  19  1:18  Nexus  
  19  1:27  Cybernetics Core  
  19  1:31  Probe  
  20  1:36  Assimilator  
  20  1:43  Probe  
  21  1:47  Pylon  
  21  1:55  Probe  
  22  2:02  Adept (Chrono Boost)  
  22  2:08  Probe  
  25  2:19  Stargate  
  25  2:20  Probe  
  25  2:22  Adept (Chrono Boost)  
  26  2:29  Pylon  
  28  2:31  Probe  
  28  2:32  Probe  
  30  2:41  Warp Gate  
  30  2:43  Probe  
  31  2:44  Probe  
  31  2:45  Stalker  
  34  2:55  Probe  
  34  2:56  Probe  
  36  3:08  Oracle (Chrono Boost), Probe x2  
  41  3:18  Gateway  
  41  3:20  Probe x2  
  41  3:22  Pylon  
  43  3:32  Probe  
  43  3:33  Probe  
  45  3:37  Oracle (Chrono Boost)  
  48  3:44  Probe  
  48  3:45  Probe  
  50  3:49  Nexus  
  50  3:53  Pylon  
  50  3:56  Probe  
  50  3:57  Probe  
  52  4:03  Twilight Council  
  52  4:07  Assimilator  
  52  4:08  Probe  
  52  4:09  Probe  
  54  4:20  Gateway, Probe  
  54  4:22  Gateway  
  55  4:24  Pylon  
  55  4:25  Probe  
  56  4:33  Probe  
  56  4:35  Blink (Chrono Boost)  
  56  4:37  Assimilator, Probe  
  58  4:46  Probe  
  58  4:49  Probe  
  58  4:50  Stalker x2  
  64  4:56  Gateway  
  64  4:58  Probe  
  64  4:59  Gateway  
  65  5:01  Probe x2  
  67  5:10  Probe  
  67  5:13  Probe x2  
  70  5:16  Zealot  
  70  5:18  Stalker x2  
  73  5:22  Probe  
  73  5:23  Stalker  
  73  5:25  Probe  
  73  5:28  Probe  
  78  5:29  Pylon  
  78  5:34  Probe  
  78  5:35  Pylon  
  79  5:38  Probe  
  79  5:40  Probe  
  79  5:42  Stalker x2  
  84  5:49  Shield Battery  
  85  5:55  Stalker x3  
  85  5:56  Stalker  
  90  6:01  Probe  
  90  6:02  Probe  
  90  6:05  Stalker x2  
  90  6:07  Pylon  
  95  6:13  Probe  
  95  6:18  Stalker x2  
  101  6:19  Stalker  
  101  6:24  Pylon  
  101  6:25  Stalker  
  103  6:31  Stalker x2  
  103  6:32  Probe  
  108  6:34  Pylon  
  108  6:44  Gateway  
  108  6:47  Stalker x3, Pylon  
  108  6:50  Probe x2  
  116  6:54  Forge  
  116  6:56  Stalker x2  
  116  6:58  Charge, Pylon  
  120  7:07  Stalker  
  120  7:08  Probe  
  123  7:09  Probe x2  
  123  7:11  Assimilator  
  125  7:16  Assimilator, Stalker x3  
  125  7:21  Pylon  
  131  7:22  Stalker  
  131  7:25  Probe  
  131  7:27  Robotics Facility  
  134  7:30  Protoss Ground Weapons Level 1 (Chrono Boost)  
  128  7:39  Stalker x4  
  128  7:41  Probe x2  
  134  7:46  Zealot x2  
  134  7:47  Zealot  
  140  7:55  Pylon  
  140  7:57  Robotics Facility  
  133  8:02  Zealot x4  
  141  8:12  Immortal (Chrono Boost)  
  141  8:14  Sentry  
  141  8:18  Robotics Bay  
  147  8:24  Probe  
  147  8:26  Pylon  
  148  8:29  Pylon  
  148  8:31  Pylon  
  148  8:33  Shield Battery  
  146  8:35  Shield Battery  
  146  8:41  Pylon  
  146  8:42  Pylon  
  146  8:43  Nexus  
  146  8:46  Pylon  
  146  8:52  Immortal (Chrono Boost)  
  146  8:54  Sentry x2  
  158  8:57  Immortal (Chrono Boost)  
  158  8:58  Pylon  
  158  9:00  Zealot x2  
  158  9:13  Stalker, Sentry  
  160  9:20  Disruptor x2 (Chrono Boost), Sentry  
  170  9:27  Stalker x3  
  174  9:33  Shield Battery  
  174  9:38  Shield Battery  
  157  9:42  Stalker x2  
  157  9:43  Disruptor (Chrono Boost)  
  151  9:54  Disruptor (Chrono Boost)  
  151  9:56  Stalker x4  
  148  10:07  Zealot, Sentry  
  148  10:12  Disruptor (Chrono Boost)  
  149  10:20  Colossus (Chrono Boost)  
  139  10:22  Zealot x4  
  147  10:32  Probe (Chrono Boost)  
  147  10:33  Probe (Chrono Boost)  
  147  10:35  Stalker x2  
  142  10:40  Protoss Ground Weapons Level 2 (Chrono Boost)  
  148  10:44  Disruptor (Chrono Boost), Probe (Chrono Boost)  
  148  10:45  Probe (Chrono Boost)  
  148  10:46  Probe x2 (Chrono Boost)  
  146  10:51  Probe x2 (Chrono Boost)  
  146  10:52  Photon Cannon  
  146  10:53  Probe x2 (Chrono Boost)  
  146  10:56  Zealot, Sentry  
  154  11:03  Photon Cannon  
  154  11:04  Probe  
  154  11:09  Assimilator  
  161  11:13  Assimilator  
  161  11:14  Observer (Chrono Boost)  
  161  11:15  Colossus (Chrono Boost)  
  162  11:28  Extended Thermal Lance (Chrono Boost)  
  166  11:39  Immortal (Chrono Boost), Photon Cannon  
  166  11:42  Zealot x6, Pylon  
  178  11:59  Templar Archives  
  176  12:02  Gateway  
  176  12:03  Immortal (Chrono Boost)  
  178  12:08  Gateway  
  178  12:13  Probe  
  178  12:14  Photon Cannon  
  178  12:15  Pylon  
  177  12:16  Photon Cannon  
  177  12:17  Photon Cannon  
  181  12:31  Psionic Storm  
  181  12:32  Photon Cannon  
  181  12:35  Zealot x6, Immortal (Chrono Boost)  
  193  12:43  Immortal (Chrono Boost)  
  193  12:55  High Templar  
  193  12:56  High Templar x3  
  199  13:00  High Templar  
  199  13:04  Photon Cannon  
  198  13:08  Photon Cannon  
  196  13:18  Forge, Observer  
  196  13:19  Protoss Ground Weapons Level 3 (Chrono Boost)  
  186  13:20  Photon Cannon  
  186  13:24  Fleet Beacon  
  190  13:32  Immortal (Chrono Boost)  
  188  13:39  High Templar x4  
  188  13:40  High Templar x2  
  200  13:47  Protoss Shields Level 1 (Chrono Boost)  
  200  13:48  Archon  
  188  13:59  Archon  
  188  14:00  Archon  
  148  14:05  Immortal (Chrono Boost)  
  156  14:13  Immortal (Chrono Boost)  
  156  14:16  Zealot x8  
  166  14:27  Nexus  
  160  14:36  Immortal (Chrono Boost)  
  164  14:38  High Templar x3  
  164  14:39  High Templar  
  164  14:44  Archon  
  164  14:45  Zealot x3  
  179  14:46  Observer (Chrono Boost)  
  185  14:56  Mothership (Chrono Boost)  
  185  15:02  High Templar  
  187  15:10  High Templar x2  
  189  15:14  Probe  
  189  15:17  Archon, Pylon, Immortal  
  189  15:18  Immortal  
  194  15:23  Oracle (Chrono Boost)  
  197  15:32  Zealot  
  191  15:54  Zealot x8  
  167  15:57  Immortal (Chrono Boost)  
  124  16:14  Zealot x2  
  124  16:17  High Templar x2  
  124  16:18  High Templar  
  130  16:20  Immortal (Chrono Boost)  
  130  16:24  Probe  
  130  16:25  Probe  
  132  16:27  High Templar x2  
  132  16:28  Zealot, Immortal (Chrono Boost)  
  132  16:30  Probe x2  
  132  16:32  Archon  
  144  16:33  Photon Cannon  
  144  16:36  Photon Cannon  
  144  16:39  Probe  
  145  16:42  Robotics Facility  
  145  16:43  Assimilator  
  145  16:44  Assimilator  
  146  16:49  Observer (Chrono Boost)  
  146  16:54  Zealot  
  146  16:55  High Templar  
  146  16:56  High Templar  
  146  17:00  Archon  
  153  17:09  Probe  
  153  17:14  Oracle (Chrono Boost)  
  158  17:18  Zealot x6  
  173  17:23  Immortal (Chrono Boost)  
  170  17:33  Immortal (Chrono Boost)  
  170  17:35  Probe  
  170  17:36  Probe  
  153  17:38  Zealot x2  
  151  17:52  Immortal (Chrono Boost)  
  151  17:55  High Templar x2  
  159  18:02  Immortal (Chrono Boost)  
  133  18:11  Zealot x6  
Show
View Real Time Build Order
Export as new Build Order

Lambo Zerg - Winner!

Build Orders: Hatch First, Lurkers, Roach Hydra 

Get SALT Encoding   

  12  0:00  Drone  
  13  0:12  Overlord  
  13  0:17  Drone  
  14  0:31  Drone x2  
  16  0:48  Hatchery  
  15  0:51  Drone  
  15  0:54  Drone  
  17  0:58  Drone  
  18  1:08  Extractor  
  17  1:13  Spawning Pool  
  17  1:16  Drone  
  17  1:19  Drone  
  18  1:27  Drone  
  19  1:38  Drone  
  20  1:49  Drone  
  21  1:59  Queen  
  21  2:00  Queen  
  21  2:01  Zergling x2, Overlord  
  26  2:08  Metabolic Boost  
  26  2:11  Drone x2  
  28  2:22  Drone x2  
  30  2:34  Drone x2  
  32  2:39  Hatchery  
  32  2:42  Queen  
  33  2:47  Overlord  
  33  2:52  Drone  
  33  2:55  Zergling x4  
  36  3:04  Queen  
  38  3:11  Drone x2, Overlord  
  40  3:16  Zergling x2  
  40  3:17  Drone x2  
  43  3:22  Drone  
  44  3:27  Overlord  
  44  3:29  Queen  
  46  3:34  Drone  
  46  3:36  Drone  
  46  3:40  Queen  
  50  3:42  Drone  
  50  3:48  Zergling x2  
  52  3:52  Drone x4  
  52  3:55  Drone, Overlord  
  57  3:58  Drone x2  
  57  3:59  Spore Crawler  
  58  4:04  Overlord  
  58  4:05  Overlord  
  59  4:10  Drone x2  
  60  4:17  Drone x2  
  60  4:21  Zergling x2  
  60  4:23  Drone x4  
  67  4:27  Roach Warren  
  67  4:30  Drone x3  
  68  4:34  Spore Crawler, Drone x3  
  68  4:36  Extractor  
  69  4:39  Lair  
  69  4:44  Drone x2  
  69  4:47  Drone  
  69  4:49  Drone x3, Extractor  
  69  4:51  Extractor  
  71  4:54  Drone  
  71  4:56  Drone x4  
  71  4:59  Drone x3  
  79  5:03  Evolution Chamber  
  79  5:06  Overlord  
  80  5:09  Zergling x4  
  84  5:16  Overlord  
  84  5:19  Roach x3  
  90  5:23  Extractor  
  90  5:24  Overlord  
  90  5:25  Overlord  
  90  5:27  Overlord  
  85  5:31  Overlord, Zerg Missile Weapons Level 1  
  85  5:36  Drone x3  
  85  5:39  Roach x2  
  85  5:41  Hatchery  
  85  5:42  Glial Reconstitution  
  90  5:43  Extractor  
  90  5:45  Drone  
  90  5:46  Roach x2  
  90  5:47  Overseer  
  90  5:49  Overlord  
  94  5:54  Roach x3  
  98  5:57  Drone x3  
  98  5:59  Drone  
  98  6:01  Overlord  
  98  6:03  Drone  
  103  6:05  Spore Crawler  
  103  6:06  Overlord  
  103  6:08  Overlord  
  102  6:14  Ravager x3  
  102  6:15  Ravager  
  102  6:18  Zergling x12  
  111  6:21  Hydralisk Den  
  111  6:24  Zergling x10  
  116  6:27  Ravager  
  116  6:28  Zergling x6  
  116  6:30  Roach  
  122  6:34  Roach x2  
  122  6:37  Ravager  
  122  6:38  Zergling x2  
  126  6:44  Roach x4  
  132  6:47  Roach x2  
  132  6:49  Roach x2  
  134  6:54  Hydralisk x2  
  134  6:57  Zergling x8  
  134  6:58  Ravager  
  134  7:00  Roach  
  141  7:04  Roach  
  141  7:06  Roach  
  141  7:07  Grooved Spines  
  142  7:09  Hydralisk  
  142  7:11  Zergling x4  
  142  7:14  Hydralisk  
  148  7:16  Overlord, Hydralisk  
  148  7:19  Hydralisk  
  148  7:22  Overlord  
  151  7:23  Overlord  
  151  7:24  Overlord  
  151  7:28  Overlord  
  149  7:31  Hydralisk x2  
  149  7:35  Hydralisk x2  
  153  7:38  Hydralisk  
  153  7:41  Hydralisk  
  153  7:42  Zergling x4  
  156  7:44  Ravager  
  156  7:46  Zergling x6  
  156  7:48  Ravager  
  156  7:50  Hydralisk  
  163  7:53  Zergling x8  
  163  7:57  Roach x2  
  160  7:59  Roach  
  160  8:02  Ravager  
  160  8:03  Roach x2  
  169  8:05  Roach  
  169  8:06  Zergling x2  
  169  8:10  Muscular Augments  
  167  8:14  Zergling x10  
  167  8:16  Roach  
  167  8:19  Roach x2  
  176  8:22  Zergling x6  
  176  8:25  Hydralisk  
  177  8:30  Hydralisk x2  
  177  8:32  Hydralisk  
  177  8:33  Zergling x2  
  178  8:36  Roach x2  
  178  8:38  Roach  
  178  8:40  Roach  
  184  8:43  Roach x2  
  184  8:46  Ravager  
  184  8:47  Overlord  
  189  8:55  Roach  
  191  8:59  Overlord  
  189  9:03  Hydralisk x2  
  189  9:05  Hydralisk x5  
  189  9:09  Hydralisk  
  198  9:21  Hydralisk x2  
  192  9:25  Zergling x18  
  192  9:27  Roach  
  192  9:30  Roach x2  
  188  9:39  Zergling x16  
  188  9:43  Zergling x6  
  187  9:48  Zergling x8  
  176  9:54  Zergling x8  
  176  9:56  Ravager  
  176  9:59  Zergling x8  
  181  10:01  Zergling x2  
  181  10:04  Roach  
  181  10:06  Roach  
  178  10:10  Roach x3  
  176  10:16  Roach x2  
  176  10:21  Infestation Pit  
  151  10:22  Roach x2  
  151  10:24  Zerg Missile Weapons Level 2  
  153  10:29  Zergling x6  
  139  10:36  Zergling x10  
  139  10:38  Drone x2  
  139  10:41  Hydralisk  
  148  10:46  Drone x4  
  151  10:53  Drone x2  
  151  10:55  Extractor  
  151  10:56  Extractor  
  151  10:59  Hive  
  151  11:02  Lurker Den  
  150  11:04  Drone  
  150  11:09  Drone x3  
  150  11:10  Drone  
  150  11:11  Drone  
  156  11:12  Drone  
  156  11:16  Spine Crawler  
  156  11:19  Queen  
  156  11:20  Drone  
  156  11:21  Drone  
  156  11:23  Hydralisk  
  156  11:25  Hydralisk  
  162  11:32  Hydralisk x3  
  170  11:43  Hatchery, Hydralisk  
  169  11:47  Roach x3  
  169  11:51  Roach x2  
  175  11:59  Roach x2  
  179  12:11  Viper x3  
  179  12:14  Hatchery  
  179  12:15  Seismic Spines  
  186  12:17  Lurker x4  
  188  12:29  Lurker x3  
  191  12:35  Lurker x2  
  192  12:42  Lurker, Hydralisk  
  192  12:43  Hatchery  
  192  12:46  Overseer  
  192  12:48  Lurker  
  193  12:56  Lurker x2  
  191  13:05  Spine Crawler  
  191  13:06  Spine Crawler  
  191  13:08  Spine Crawler  
  191  13:12  Adaptive Talons  
  187  13:16  Overseer  
  187  13:18  Lurker x5  
  192  13:22  Zerg Missile Weapons Level 3  
  192  13:25  Pneumatized Carapace  
  192  13:32  Hydralisk  
  192  13:33  Hydralisk x2  
  198  13:39  Overseer  
  198  13:50  Hydralisk  
  183  13:56  Hydralisk x9  
  183  14:01  Zergling x50  
  196  14:03  Hydralisk  
  196  14:09  Lurker  
  195  14:23  Queen  
  182  14:27  Hydralisk x4  
  182  14:29  Overlord  
  184  14:33  Zergling x10  
  184  14:36  Adrenal Glands  
  187  14:40  Overlord x2  
  187  14:42  Overlord  
  187  14:51  Lurker x7  
  192  14:55  Lurker  
  192  14:56  Zergling x4  
  195  15:00  Drone x5, Extractor  
  195  15:04  Spine Crawler  
  195  15:05  Spore Crawler, Extractor  
  196  15:08  Lurker x3  
  196  15:11  Hydralisk x2  
  197  15:17  Zergling x2  
  197  15:18  Drone x2  
  199  15:56  Hydralisk x11  
  198  15:59  Hydralisk x8  
  164  16:10  Roach x4  
  150  16:13  Roach  
  149  16:18  Hydralisk x3  
  149  16:23  Drone x3  
  158  16:26  Lurker x4  
  162  16:33  Zergling x10  
  162  16:34  Lurker  
  162  16:37  Lurker x2  
  170  16:42  Lurker x4  
  174  16:48  Lurker  
  174  16:52  Lurker  
  174  16:53  Lurker  
  177  16:54  Zergling x2  
  177  16:55  Zergling x8  
  177  16:56  Lurker  
  183  17:03  Zergling x14  
  183  17:07  Lurker x3  
  194  17:08  Zergling x2  
  194  17:15  Zergling x8  
  198  17:16  Lurker  
  199  17:25  Overseer  
  199  17:27  Hydralisk x2  
  199  17:30  Extractor  
  199  17:35  Extractor  
  189  17:39  Hydralisk x6  
  196  17:45  Overseer  
  196  17:55  Viper  
  194  17:59  Overseer  
  194  18:03  Zergling x34  
  189  18:07  Hydralisk  
Tags
 
Add a new tag
Caveats
  • Supply blocks, unpowered buildings, or Contaminate may cause inaccurate times.
  • Supply counts are checked every 10 seconds.